 Dungeon Crawl Stone Soup version 0.17.1-1-g73c8601 (webtiles) character file.

415 Peloso the Shield-Bearer (level 6, -3/53 HPs)
             Began as a Minotaur Fighter on Dec 19, 2015.
             Slain by an ogre
             ... wielding a +0 giant club
              (12 damage)
             ... on level 5 of the Dungeon.
             The game lasted 00:11:21 (2866 turns).

Peloso the Shield-Bearer (Minotaur Fighter)         Turns: 2866, Time: 00:11:21

Health: -3/53      AC: 12    Str: 22    XL:     6   Next: 60%
Magic:  5/5        EV:  7    Int:  5    God:
Gold:   102        SH: 10    Dex: 10    Spells: 0 memorised, 5 levels left

rFire  . . .     SeeInvis +     a - +0 long sword
rCold  . . .     Clarity  .     t - +0 chain mail
rNeg   + . .     SustAt   .     c - +0 shield
rPois  .         Gourm    +     (helmet restricted)
rElec  .         Spirit   .     (no cloak)
rCorr  .         Warding  .     v - +1 pair of gloves
rMut   .         Stasis   .     (no boots)
MR     .....                    l - amulet of the gourmand
Stlth  ..........               h - ring of see invisible
                                A - ring of positive energy

@: lethally poisoned (-3 -> -7), not resistant to hostile enchantments,
extremely unstealthy
A: retaliatory headbutt, horns 2
a: no special abilities


You were on level 5 of the Dungeon.
You were very full.

You visited 1 branch of the dungeon, and saw 5 of its levels.

You collected 102 gold pieces.

Inventory:

Hand Weapons
 a - a +0 long sword (weapon)
Armour
 b - a +0 scale mail
 c - a +0 shield (worn)
 t - a +0 chain mail (worn)
 v - a +1 pair of gloves (worn)
Jewellery
 h - a ring of see invisible (right hand)
 l - an amulet of the gourmand (around neck)
 r - an uncursed ring of invisibility
 A - a ring of positive energy (left hand)
Wands
 w - a wand of paralysis (3)
Scrolls
 f - 2 scrolls of remove curse {unknown}
 g - a scroll of amnesia
 j - 3 scrolls of teleportation {unknown}
 o - 2 scrolls of enchant armour {unknown}
 p - 2 scrolls of enchant weapon {unknown}
 q - a scroll of immolation {unknown}
 x - a scroll of fog
 y - a scroll of blinking {unknown}
Potions
 d - a potion of might
 i - 2 potions of haste
 k - 2 potions of brilliance {unknown}
 n - a potion of beneficial mutation {unknown}
 s - 2 potions of agility {unknown}
 u - a potion of lignification {unknown}
Comestibles
 e - 2 bread rations
 m - a beef jerky
 z - 4 fruits


   Skills:
 + Level 4.4 Fighting
 + Level 4.1 Long Blades
 + Level 5.3 Armour
 + Level 2.7 Dodging
 + Level 0.6 Stealth
 + Level 5.9 Shields


You had 5 spell levels left.
You didn't know any spells.

Dungeon Overview and Level Annotations

Branches:
Dungeon (5/15)
 Temple: D:4-7

Altars:
Ru
Trog


Innate Abilities, Weirdness & Mutations

You reflexively headbutt those who attack you in melee.
You have a pair of horns on your head.


Message History

You completely miss the adder.
The adder is moderately wounded.
You feel sick. You block the adder's attack.
You closely miss the adder. Your headbutt misses the adder.
The adder is moderately wounded.
You feel sick. You block the adder's attack.
The adder bites you but does no damage.
You slash the adder!
You kill the adder!
You hit the ogre.
The ogre is moderately wounded.
You feel sick. The ogre hits you with a giant club.
Your chain mail prevents you from hitting the ogre.
The ogre is moderately wounded.
You feel sick. The ogre hits you with a giant club!
* * * LOW HITPOINT WARNING * * *
You barely miss the ogre. Your headbutt misses the ogre.
The ogre is moderately wounded.
You feel sick. The ogre hits you with a giant club!
You die...

#......#.#..#+####
#.######.#........
#.# #.#........ #.#
####<#........
####'###....#........
#....................
#......8#8.##.#......
#......#?#.##O# .....
#......8#8.##@# ####
#..........##.#
#........####.#
########## #.# #..
###


You could see an ogre.

Vanquished Creatures
  A sky beast (D:5)
  A crimson imp (D:5)
  2 jellies (D:5)
  Natasha (thrice) (D:3)
  A worker ant (D:5)
  A hound skeleton (D:4)
  6 adders
  3 gnolls (D:2)
  An adder skeleton (D:4)
  2 giant geckos (D:1)
  2 orcs (D:4)
  5 hobgoblins
  7 jackals
  8 kobolds
  A quokka (D:2)
  2 ball pythons
  9 bats
  3 giant cockroaches
  2 giant newts (D:2)
  10 goblins
  12 rats
82 creatures vanquished.

Notes
Turn   | Place    | Note
--------------------------------------------------------------
     0 | D:1      | Peloso the Minotaur Fighter began the quest for the Orb.
     0 | D:1      | Reached XP level 1. HP: 19/19 MP: 0/0
   171 | D:1      | Reached XP level 2. HP: 24/27 MP: 1/1
   269 | D:1      | Reached skill level 4 in Armour
   533 | D:1      | Noticed a black bear
   533 | D:1      | Noticed a killer bee
   533 | D:1      | Noticed a swamp drake
   533 | D:1      | Noticed a salamander
   533 | D:1      | Noticed a lindwurm
   704 | D:1      | Reached XP level 3. HP: 33/33 MP: 2/2
  1338 | D:2      | Reached skill level 1 in Dodging
  1338 | D:2      | Reached XP level 4. HP: 38/40 MP: 3/3
  1460 | D:3      | Noticed Natasha
  1464 | D:3      | Killed Natasha
  1480 | D:3      | Found a bloodstained altar of Trog.
  1536 | D:3      | Noticed Natasha
  1539 | D:3      | Killed Natasha
  1579 | D:3      | Reached XP level 5. HP: 32/46 MP: 4/4
  1883 | D:3      | Noticed Natasha
  1887 | D:3      | Killed Natasha
  2000 | D:4      | Found a sacrificial altar of Ru.
  2098 | D:4      | Reached skill level 5 in Shields
  2703 | D:5      | Entered Level 5 of the Dungeon
  2742 | D:5      | Reached skill level 5 in Armour
  2763 | D:5      | Noticed a sky beast
  2781 | D:5      | Killed a sky beast
  2781 | D:5      | Reached XP level 6. HP: 49/53 MP: 5/5
  2849 | D:5      | Noticed an ogre
  2866 | D:5      | Slain by an ogre

Action                   |  1- 3 |  4- 6 || total
-------------------------+-------+-------++-------
Melee: Long sword        |   106 |   110 ||   216
  Use: Scroll            |     1 |     5 ||     6
  Eat: Chunk             |     2 |    19 ||    21
